 Dungeon Crawl Stone Soup version 0.20.0-15-g7f486f2 (webtiles) character file.

704 Omegatherion the Shield-Bearer (level 7, -7/41 HPs)
             Began as a Gargoyle Fighter on June 22, 2017.
             Was a Believer of Zin.
             Mangled by an orc warrior
             ... wielding a +0 war axe
              (11 damage)
             ... on level 5 of the Dungeon.
             The game lasted 00:08:40 (3891 turns).

Omegatherion the Shield-Bearer (Gargoyle Fighter)   Turns: 3891, Time: 00:08:41

Health: -7/41      AC: 12    Str: 24    XL:     7   Next: 66%
Magic:  9/9        EV:  9    Int:  8    God:    Zin [**....]
Gold:   252        SH: 11    Dex: 11    Spells: 6/6 levels left

rFire    + . .     SeeInvis .   t - +0 war axe
rCold    . . .     Gourm    .   c - +0 shield
rNeg     + . .     Faith    .   w - +1 leather armour of the Lair of Beasts {rF+ Str+4} (curse)
rPois    ∞         Spirit   .   q - +2 helmet
rElec    +         Reflect  .   (no cloak)
rCorr    .         Harm     .   (no gloves)
MR       .....                  (no boots)
Stlth    +.........             (no amulet)
Regen    0.2/turn               (no ring)
MPRegen  0.2/turn               (no ring)

@: no status effects
A: negative energy resistance 1, electricity resistance, unbreathing,
petrification resistance, rot immunity, AC +4
a: Recite, Vitalisation, Donate Gold, Renounce Religion


You were on level 5 of the Dungeon.
You worshipped Zin.
Zin was pleased with you.
You were hungry.

You visited 2 branches of the dungeon, and saw 6 of its levels.

You collected 279 gold pieces.
You donated 27 gold pieces to Zin.

Inventory:

Hand Weapons
 a - a +0 flail
 t - a +0 war axe (weapon)
Missiles
 A - 4 javelins (quivered)
Armour
 b - a +0 scale mail
 c - a +0 shield (worn)
 k - a +2 leather armour of cold resistance
 q - a +2 helmet (worn)
 w - the cursed +1 leather armour of the Lair of Beasts (worn) {rF+ Str+4}
   (You found it on level 4 of the Dungeon)

   It affects your strength (+4).
   It protects you from fire.
   It has a curse placed upon it.
 z - the +1 robe of the Original Sin {rElec}
   (You found it on level 5 of the Dungeon)

   It insulates you from electricity.
Scrolls
 i - 2 scrolls of immolation {unknown}
 l - a scroll of magic mapping {unknown}
 n - a scroll of amnesia {unknown}
 p - a scroll of enchant armour {unknown}
 r - a scroll of enchant weapon {unknown}
 u - 2 scrolls of identify
 v - 2 scrolls of teleportation
 x - a scroll of random uselessness {unknown}
 y - 2 scrolls of remove curse {unknown}
 B - a scroll of fear {unknown}
Potions
 d - a potion of might
 e - a potion of degeneration {unknown}
 h - 2 potions of brilliance {unknown}
 j - 4 potions of curing {unknown}
 m - a potion of cancellation {unknown}
 o - 2 potions of lignification {unknown}
 s - a potion of agility {unknown}
Comestibles
 f - 2 bread rations
 g - 2 royal jellies
 C - a meat ration


   Skills:
 - Level 3.2 Fighting
 + Level 5.6 Maces & Flails
 - Level 3.2 Armour
 + Level 6.7 Shields
 + Level 3.0 Invocations


You had 6 spell levels left.
You didn't know any spells.

Dungeon Overview and Level Annotations

Branches:
Dungeon (5/15)             Temple (1/1) D:4

Altars:
Ashenzari
Cheibriados
Dithmenos
Gozag
Hepliaklqana
Kikubaaqudgha
Nemelex Xobeh
Qazlal
Trog
Uskayaw
Vehumet
Xom
Yredelemnul
Zin
The Shining One

Annotations:
D:5 1 runed door


Innate Abilities, Weirdness & Mutations

You are resistant to torment.
Your stone body is resilient. (AC +4)
You are immune to poison.
You resist negative energy. (rN+)
You are resistant to electric shocks. (rElec)
You can survive without breathing.
You are immune to petrification.
You are immune to rotting.


Message History

You hit the orc warrior but do no damage.
The orc warrior hits you with a war axe.
You closely miss the orc warrior. The orc warrior closely misses you.
You hit the orc warrior but do no damage.
You block the orc warrior's attack.
You slash the orc warrior!
The orc warrior is moderately wounded.
The orc warrior hits you with a war axe!
You closely miss the orc warrior.
The orc warrior is moderately wounded.
You block the orc warrior's attack.
You hit the orc warrior but do no damage.
The orc warrior is moderately wounded.
The orc warrior hits you with a war axe!
* * * LOW HITPOINT WARNING * * *
You barely miss the orc warrior.
The orc warrior is moderately wounded.
You block the orc warrior's attack.
The orc warrior hits you with a war axe!
You die...

#..........#####...#
#..........# #>..#
#.......>..# #...#
#..........# #####
##........##
##......## #.######
#.# #@# #o# #o# #o#
#(# #(# #.# #.#


You could see an orc warrior and 2 orcs.

Vanquished Creatures
  An ice beast (D:5)
  A scorpion (D:5)
  A bullfrog zombie (D:5)
  2 hounds
  3 orc wizards
  An orc priest (D:4)
  A centaur skeleton (D:5)
  4 worker ants
  A hound skeleton (D:4)
  7 adders
  A shadow imp (D:5)
  An ooze (D:5)
  7 worms
  2 dart slugs
  6 orcs
  4 ball pythons
  9 bats
  3 giant cockroaches
  15 goblins
  11 hobgoblins
  7 jackals (D:3)
  6 kobolds
  4 quokkas
  2 frilled lizards
  18 rats
  3 fungi (D:5)
121 creatures vanquished.

Vanquished Creatures (others)
  An orc wizard (D:3)
  A bat (D:2)
  A hobgoblin (D:2)
3 creatures vanquished.

Grand Total: 124 creatures vanquished

Notes
Turn   | Place    | Note
-------+----------+-------------------------------------------
     0 | D:1      | Omegatherion the Gargoyle Fighter began the quest for the Orb.
     0 | D:1      | Reached XP level 1. HP: 14/14 MP: 1/1
   265 | D:1      | Reached XP level 2. HP: 14/19 MP: 2/2
   389 | D:1      | Reached skill level 4 in Shields
   438 | D:1      | Reached XP level 3. HP: 22/23 MP: 3/3
   909 | D:2      | Reached XP level 4. HP: 26/28 MP: 4/4
  1006 | D:2      | Found a radiant altar of Vehumet.
  1850 | D:3      | Found a bloodstained altar of Trog.
  1873 | D:3      | Found an opulent altar of Gozag.
  1928 | D:3      | Reached XP level 5. HP: 32/32 MP: 5/5
  2076 | D:3      | Reached skill level 5 in Shields
  2476 | D:4      | Found a staircase to the Ecumenical Temple.
  2542 | Temple   | Entered the Ecumenical Temple
  2741 | Temple   | Became a worshipper of Zin the Law-Giver
  2741 | Temple   | Reached * piety under Zin
  2795 | D:4      | Reached XP level 6. HP: 37/37 MP: 6/6
  2869 | D:4      | Got a steaming leather armour
  2884 | D:4      | Identified the cursed +1 leather armour of the Lair of Beasts {rF+ Str+4} (You found it on level 4 of the Dungeon)
  3082 | D:4      | Reached skill level 6 in Shields
  3122 | D:4      | Found a shimmering altar of Xom.
  3128 | D:4      | Reached skill level 1 in Invocations
  3283 | D:4      | Noticed a moth of wrath
  3286 | D:4      | Found a bloodstained altar of Trog.
  3441 | D:4      | Reached skill level 5 in Maces & Flails
  3451 | D:5      | Entered Level 5 of the Dungeon
  3468 | D:5      | Reached XP level 7. HP: 31/41 MP: 6/8
  3485 | D:5      | Got a warped robe
  3487 | D:5      | Identified the +1 robe of the Original Sin {rElec} (You found it on level 5 of the Dungeon)
  3543 | D:5      | Reached ** piety under Zin
  3707 | D:5      | Found a runed door.
  3891 | D:5      | Mangled by an orc warrior

Skill      XL: |  1  2  3  4  5  6  7 |
---------------+----------------------+-----
Shields        | 4 5 6 |  6.7
Maces & Flails | 3 4 5 |  5.6
Invocations    | 1 3 |  3.0
Fighting       | |  3.2
Armour         | |  3.2

Action                   |  1- 3 |  4- 6 |  7- 9 || total
-------------------------+-------+-------+-------++-------
Melee: Flail             |   143 |   183 |       ||   326
       War axe           |       |   106 |    61 ||   167
Throw: Javelin           |       |       |     4 ||     4
  Use: Scroll            |       |       |     2 ||     2
 Stab: Sleeping          |       |     1 |       ||     1
  Eat: Chunk             |       |     9 |     1 ||    10
Armor: Scale mail        |    41 |       |       ||    41
       Leather armour    |    51 |   125 |    21 ||   197
Dodge: Dodged            |    62 |   101 |    23 ||   186
Block: Shield            |    82 |   158 |    28 ||   268
